 Dungeon Crawl Stone Soup version 0.27-a0-1144-g0b7d3b79db (webtiles) character file.

Game seed: 6525233313643943935

583 jien the Shield-Bearer (level 7, -5/44 HPs)
             Began as a Gargoyle Fighter on May 10, 2021.
             Slain by a steam dragon (6 damage)
             ... on level 4 of the Dungeon.
             The game lasted 00:05:27 (4400 turns).

jien the Shield-Bearer (Gargoyle Fighter)           Turns: 4400, Time: 00:05:28

Health: -5/44      AC: 13    Str: 27    XL:     7   Next: 37%
Magic:  7/7        EV:  8    Int:  9    God:
Gold:   146        SH: 15    Dex:  9    Spells: 6/6 levels left

rFire    . . .     SeeInvis .   a - +0 war axe
rCold    . . .     Faith    .   c - +0 kite shield
rNeg     + . .     Spirit   .   b - +0 scale mail
rPois    ∞         Reflect  +   (no helmet)
rElec    +         Harm     .   (no cloak)
rCorr    .         Rampage  .   (no gloves)
Will     .....                  m - +0 pair of boots
Stlth    ..........             k - amulet of reflection
HPRegen  0.14/turn              r - +6 ring of strength
MPRegen  0.10/turn              (no ring)

@: no status effects
A: sickness immunity, AC +4, negative energy resistance 1, electricity
resistance, torment resistance 1, petrification resistance
a: no special abilities


You were on level 4 of the Dungeon.
You visited 1 branch of the dungeon, and saw 4 of its levels.

You collected 146 gold pieces.

Inventory:

Hand Weapons
 a - a +0 war axe (weapon)
Missiles
 h - 5 curare-tipped darts (quivered)
 t - 4 atropa-tipped darts
Armour
 b - a +0 scale mail (worn)
 c - a +0 kite shield (worn)
 m - a +0 pair of boots (worn)
Jewellery
 k - an amulet of reflection (around neck)
 r - a +6 ring of strength (left hand)
Scrolls
 i - a scroll of holy word {unknown}
 q - 2 scrolls of fear {unknown}
 s - a scroll of magic mapping {unknown}
 x - a scroll of enchant weapon {unknown}
Potions
 d - a potion of might
 e - 2 potions of ambrosia {unknown}
 f - a potion of resistance {unknown}
 g - a potion of lignification {unknown}
 j - a potion of haste {unknown}
 l - 2 potions of heal wounds {unknown}
 n - a potion of cancellation {unknown}
 o - a potion of mutation {unknown}
 p - a potion of degeneration {unknown}
 u - 2 potions of attraction {unknown}
 v - a potion of curing {unknown}
 w - a potion of brilliance {unknown}


   Skills:
 + Level 5.0 Fighting
 * Level 4.7 Axes
 + Level 4.9 Armour
 + Level 5.0 Shields


You had 6 spell levels left.
You didn't know any spells.
Your spell library contained the following spells:

 Spells                   Type           Power      Damage    Failure   Level
 Corona                   Hex            0%         N/A       97%         1
 Freeze                   Ice            0%         1d3       97%         1
 Shock                    Conj/Air       0%         1d3       97%         1
 Ensorcelled Hibernation  Hex/Ice        0%         N/A       99%         2
 Static Discharge         Conj/Air       0%         N/A       99%         2
 Confusing Touch          Hex            0%         N/A       100%        3
 Dazzling Flash           Conj/Hex       0%         N/A       100%        3
 Frozen Ramparts          Ice            0%         1d2       100%        3
 Ozocubu's Armour         Ice            0%         N/A       100%        3
 Swiftness                Air            0%         N/A       100%        3
 Tukima's Dance           Hex            0%         N/A       100%        3
 Airstrike                Air            0%         N/A       100%        4
 Animate Armour           Summ/Erth      0%         N/A       100%        4
 Hailstorm                Conj/Ice       0%         3d3       100%        4
 Lightning Bolt           Conj/Air       0%         1d11      100%        5
 Metabolic Englaciation   Hex/Ice        0%         N/A       100%        5
 Silence                  Hex/Air        0%         N/A       100%        5
 Statue Form              Tmut/Erth      Unusable   N/A       N/A         6

Dungeon Overview and Level Annotations

Branches:
Dungeon (4/15)
 Temple: D:4-7

Altars:
Elyvilon
Hepliaklqana
Kikubaaqudgha
Uskayaw
Xom
Zin

Annotations:
D:4 2 transporters


Innate Abilities, Weirdness & Mutations

You are immune to sickness and miasma.
Your stone body is resilient. (AC +4)
You are immune to poison.
You resist negative energy. (rN+)
You are resistant to electric shocks. (rElec)
You are resistant to unholy torment.
You are immune to petrification.


Message History

The jackal bites you but does no damage.
You block the jackal's attack.
The jackal bites you but does no damage.
You slash the jackal!
You kill the jackal!
You closely miss the jackal.
The jackal bites you but does no damage. x2
You barely miss the steam dragon. You slash the jackal!
You kill the jackal!
The steam dragon breathes steam at you. The ball of steam hits you!
* * * LOW HITPOINT WARNING * * *
You block the steam dragon's attack.
The steam dragon claws you but does no damage.
You hit the steam dragon.
The steam dragon is lightly wounded.
You are engulfed in a cloud of scalding steam.
* * * LOW HITPOINT WARNING * * *
You block the steam dragon's attack.
The steam dragon claws you but does no damage.
Unknown command.
You hit the steam dragon.
The steam dragon is lightly wounded.
You are engulfed in a cloud of scalding steam.
The steam dragon bites you but does no damage.
You block the steam dragon's attack. The steam dragon closely misses you.
The steam dragon claws you.
* * * LOW HITPOINT WARNING * * *
You closely miss the steam dragon.
The steam dragon is lightly wounded.
You are engulfed in a cloud of scalding steam.
The steam dragon bites you but does no damage.
You block the steam dragon's attack.
Unknown command.
You barely miss the steam dragon.
The steam dragon is lightly wounded.
You are engulfed in a cloud of scalding steam.
* * * LOW HITPOINT WARNING * * *
The steam dragon bites you.
You die...

♣)≈# #...........#
≈≈≈# #..########.#
)≈)# ..# #.#
≈≈.###..## #.#
≈)........ #.#
≈#.###..#. #.#
≈#.###..# ######.#
).......# #......#
.(.#############@#
...###.......#.D.#
)....#...≈...#.###
...###.......#.#
.....#.≈/..≈.'.#
##.#.#.....$.###
##.#.#...≈...
##.###.......
##...########


You could see a steam dragon.

Vanquished Creatures
  A necrophage (D:4)
  An ogre (D:4)
  A scorpion (D:4)
  A water moccasin skeleton (D:4)
  2 orc priests (D:4)
  2 iguanas (D:4)
  Robin (D:4)
  4 adders
  4 gnolls (D:4)
  A shadow imp (D:2)
  3 worms
  A dart slug (D:4)
  4 orcs (D:4)
  2 endoplasms
  3 giant cockroaches
  15 goblins
  10 hobgoblins
  5 jackals
  5 quokkas
  9 ball pythons
  5 bats
  5 frilled lizards
  4 kobolds
  5 rats
94 creatures vanquished.

Vanquished Creatures (others)
  52 plants (D:4)
52 creatures vanquished.

Grand Total: 146 creatures vanquished

Notes
Turn   | Place    | Note
-------+----------+-------------------------------------------
     0 | D:1      | jien the Gargoyle Fighter began the quest for the Orb.
     0 | D:1      | Reached XP level 1. HP: 14/14 MP: 1/1
   151 | D:1      | Reached XP level 2. HP: 19/19 MP: 2/2
   619 | D:1      | Found a faded altar of an unknown god.
   982 | D:1      | Reached XP level 3. HP: 21/23 MP: 3/3
  2139 | D:3      | Reached XP level 4. HP: 28/29 MP: 4/4
  2244 | D:3      | Found a shimmering altar of Xom.
  2304 | D:3      | Found a hide-covered altar of Uskayaw.
  3083 | D:3      | Identified Wong's Collected Works on Floating Stones
  3234 | D:4      | Found an ancient bone altar of Kikubaaqudgha.
  3234 | D:4      | Found a hazy altar of Hepliaklqana.
  3235 | D:4      | Found a glowing silver altar of Zin.
  3245 | D:4      | Reached XP level 5. HP: 17/33 MP: 3/5
  3597 | D:4      | Noticed a necrophage
  3605 | D:4      | Killed a necrophage
  3606 | D:4      | Reached XP level 6. HP: 35/39 MP: 6/6
  3843 | D:4      | Noticed Robin
  3848 | D:4      | Reached XP level 7. HP: 37/44 MP: 7/7
  3853 | D:4      | Killed Robin
  4243 | D:4      | Found a transporter.
  4246 | D:4      | Found a transporter.
  4246 | D:4      | Noticed a gargoyle
  4246 | D:4      | Noticed a yak
  4253 | D:4      | Found a white marble altar of Elyvilon.
  4279 | D:4      | Reached skill level 5 in Shields
  4383 | D:4      | Noticed a steam dragon
  4387 | D:4      | Reached skill level 5 in Fighting
  4400 | D:4      | HP: 1/44 [steam dragon] (4)]
  4400 | D:4      | Slain by a steam dragon

Illustrated notes

Levels and vault maps discovered:
D:1:      psy_arrival_radial01, layout_basic, chequers_ecumenical_altar_twisty
D:2:      layout_loops_ring
D:3:      layout_loops_corners, old_standard_altar, lemuel_tele_altar,
          serial_co_window_serial, co_window_paths_a, co_window_paths_b,
          co_window_of_opportunity_a, co_window_of_opportunity_a,
          co_window_of_opportunity_a, co_window_paths_b,
          co_window_of_opportunity_a, co_window_unsneaky_path_a,
          co_window_broadway_c, co_window_of_opportunity_c,
          co_window_of_opportunity_b, minivault_4, kennysheep_generic_room_2
D:4:      layout_basic, gammafunk_temple_overflow_arena,
          gammafunk_temple_overflow_forgotten, serial_bayou_lagoon_a,
          kennysheep_generic_room_10, uniq_robin

Skill      XL: |  1  2  3  4  5  6  7 |
---------------+----------------------+-----
Axes           | 2 3 4 |  4.7
Shields        | 4 5 |  5.0
Fighting       | 4 5 |  5.0
Armour         | 4 |  4.9

Action                   |  1- 3 |  4- 6 |  7- 9 || total
-------------------------+-------+-------+-------++-------
Melee: War axe           |   147 |   149 |    39 ||   335
  Use: Scroll            |     1 |       |       ||     1
Armor: Scale mail        |    85 |    66 |    21 ||   172
Dodge: Dodged            |    56 |    40 |    14 ||   110
Block: Kite shield       |   118 |   153 |    31 ||   302
       Reflection        |       |     8 |     4 ||    12

Table legend: (Time is in decaauts)
 A = Elapsed time spent in this place.
 B = Non-inter-level travel time spent in this place.
 C = Inter-level travel time spent in this place.
 D = Time resting spent in this place.
 E = Time spent auto-exploring this place.
 F = Levels seen in this place.
 G = Mean time per level.
                   A        B        C        D        E       F      G
               +--------+--------+--------+--------+--------+-----+--------+
         Total |   4602 |   4442 |    160 |    168 |   3509 |   4 | 1150.5 |
       Dungeon |   4602 |   4442 |    160 |    168 |   3509 |   4 | 1150.5 |
               +--------+--------+--------+--------+--------+-----+--------+

Top non-repeatable levels by time:
     D:3: 1348 daAuts
     D:1: 1106 daAuts
     D:2: 1083 daAuts
     D:4: 1064 daAuts
